 Dungeon Crawl Stone Soup version 0.26-a0-980-g0fe3eaa9ac (webtiles) character file.

Game seed: 5460218871475922079

415 sahdkjhfkaj the Skirmisher (level 6, -1/84 HPs)
             Began as a Draconian Ice Elementalist on Dec 5, 2020.
             Slain by Grinder (5 damage)
             ... while paralysed by Grinder
             ... on level 4 of the Dungeon.
             The game lasted 00:10:22 (4447 turns).

sahdkjhfkaj the Skirmisher (DrIE)                   Turns: 4447, Time: 00:10:22

Health: -1/84      AC: 23    Str: 10    XL:     6   Next: 60%
Magic:  3/9        EV:  2    Int: 17    God:
Gold:   171        SH:  0    Dex: 12    Spells: 2/10 levels left

rFire    + . .     SeeInvis .   (no weapon)
rCold    . . .     Faith    .   (no shield)
rNeg     + + +     Spirit   .   (armour unavailable)
rPois    +         Reflect  .   (helmet currently unavailable)
rElec    .         Harm     .   (cloak currently unavailable)
rCorr    .         Rampage  .   (gloves currently unavailable)
MR       .....     NoTele   +   (boots currently unavailable)
Stlth    ++........             (no amulet)
HPRegen  0.24/turn              d - ring of protection from fire
MPRegen  0.11/turn              g - ring of poison resistance

@: paralysed, tree-form
A: unfitting armour, AC +6
a: no special abilities


You were on level 4 of the Dungeon.
You were a tree.
You visited 1 branch of the dungeon, and saw 4 of its levels.

You collected 171 gold pieces.

Inventory:

Jewellery
 d - a ring of protection from fire (left branch)
 g - a ring of poison resistance (right branch)
 l - an uncursed ring of flight {unknown}
Scrolls
 e - a scroll of magic mapping
 h - a scroll of fog
 i - a scroll of amnesia
 k - a scroll of fear
Potions
 a - a potion of lignification
 b - a potion of cancellation
 c - 2 potions of resistance {unknown}
 f - a potion of invisibility {unknown}
 j - a potion of mutation {unknown}
 m - a potion of ambrosia {unknown}
 n - a potion of might {unknown}


   Skills:
 - Level 5.0 Fighting
 + Level 1.9 Dodging
 - Level 2.0 Stealth
 + Level 2.6 Spellcasting
 + Level 4.0 Summonings
 + Level 4.0 Ice Magic


You had 2 spell levels left.
You knew the following spells:

 Your Spells              Type           Power        Failure   Level
a - Freeze                Ice            ###.         3%          1
b - Frozen Ramparts       Ice            ###...       10%         3
c - Summon Ice Beast      Ice/Summ       ###.....     34%         4

Your spell library contained the following spells:

 Spells                   Type           Power        Failure   Level
 Ozocubu's Armour         Ice            ###.....     10%         3
 Hailstorm                Conj/Ice       #.......     61%         4


Dungeon Overview and Level Annotations

Branches:
Dungeon (4/15)
 Temple: D:4-7

Altars:
Fedhas
Hepliaklqana

Annotations:
D:4 nameless horror, Grinder


Innate Abilities, Weirdness & Mutations

((Your plain brown scales are hard. (AC +6)))
You cannot fit into any form of body armour.
((You are cold-blooded and may be slowed by cold attacks.))


Message History

You turn into a tree.
Your roots penetrate the ground.
Grinder gestures at you. You resist with significant effort.
You smack Grinder!
Grinder is moderately wounded.
Grinder hits you but does no damage.
You smack Grinder!
Grinder is heavily wounded.
Grinder hits you.
* * * LOW HITPOINT WARNING * * *
You hit Grinder but do no damage.
Grinder is heavily wounded.
Grinder hits you but does no damage.
You smack Grinder!
Grinder is almost dead.
Grinder gestures at you.
You suddenly lose the ability to move!
Grinder hits you but does no damage. x3
Grinder hits you.
You die...

#.......#
#.......#
##.....##
##....####
#.......+
##...#### #..##
#.## #♣.# ##5#
#.# #.# #.##
#.# ### ....
#.# #.. ....#
#.# #.# .....
##.###.# ......
#...##.##.....#


You could see Grinder.

Vanquished Creatures
  An ogre (D:3)
  A centaur (D:3)
  A hound (D:4)
  An iguana (D:4)
  An orc wizard (D:3)
  A worker ant (D:4)
  5 adders
  An ooze (D:2)
  4 worms
  4 dart slugs
  2 orcs (D:3)
  7 bats
  2 giant cockroaches (D:1)
  13 goblins
  6 hobgoblins
  10 jackals
  2 quokkas
  2 ball pythons (D:3)
  5 frilled lizards
  11 kobolds
  9 rats
89 creatures vanquished.

Notes
Turn   | Place    | Note
-------+----------+-------------------------------------------
     0 | D:1      | sahdkjhfkaj the Draconian Ice Elementalist began the quest
                  | for the Orb.
     0 | D:1      | Reached XP level 1. HP: 14/14 MP: 3/3
   118 | D:1      | Reached XP level 2. HP: 8/22 MP: 0/5
   450 | D:1      | Reached skill level 1 in Fighting
   667 | D:1      | Reached skill level 2 in Fighting
   978 | D:1      | Reached XP level 3. HP: 27/30 MP: 1/6
   982 | D:1      | Learned a level 3 spell: Frozen Ramparts
  1386 | D:1      | Reached skill level 3 in Fighting
  1762 | D:2      | Reached XP level 4. HP: 40/40 MP: 3/7
  1806 | D:2      | Learned a level 4 spell: Summon Ice Beast
  2340 | D:2      | Found a hazy altar of Hepliaklqana.
  2460 | D:3      | Reached skill level 4 in Fighting
  2460 | D:3      | Reached skill level 1 in Summonings
  2585 | D:3      | Reached XP level 5. HP: 30/46 MP: 2/8
  2795 | D:3      | Noticed a centaur
  2799 | D:3      | Killed a centaur
  2992 | D:3      | Found a blossoming altar of Fedhas.
  3443 | D:3      | Noticed an ogre
  3487 | D:3      | Killed an ogre
  3488 | D:3      | Reached skill level 5 in Fighting
  3488 | D:3      | Reached XP level 6. HP: 33/56 MP: 0/9
  4022 | D:4      | Noticed a nameless horror
  4406 | D:4      | Noticed Grinder
  4409 | D:4      | Paralysed by Grinder for 2 turns
  4431 | D:4      | Paralysed by Grinder for 6 turns
  4441 | D:4      | HP: 3/84 [Grinder (6)]
  4443 | D:4      | Paralysed by Grinder for 5 turns
  4447 | D:4      | Slain by Grinder

Illustrated notes

Levels and vault maps discovered:
D:1:      dpeg_arrival_pits, layout_basic
D:2:      layout_rooms, general_overflow_altar, kennysheep_generic_room_16
D:3:      layout_loops_ring, old_standard_altar, nrook_uturn,
          minmay_ogre_servants
D:4:      layout_loops_corners, makhleb_heckhound_becter, uniq_grinder,
          uniq_pikel

Skill      XL: |  1  2  3  4  5  6 |
---------------+-------------------+-----
Fighting       | 2 3 4 5 |  5.0
Summonings     | 1 3 4 |  4.0
Stealth        | 2 |  2.0
Dodging        | |  1.9
Spellcasting   | |  2.6
Ice Magic      | |  4.0

Action                   |  1- 3 |  4- 6 || total
-------------------------+-------+-------++-------
Melee: Unarmed           |    40 |    60 ||   100
       Tailslap          |     2 |     5 ||     7
 Cast: Freeze            |    32 |    68 ||   100
       Frozen Ramparts   |     6 |    10 ||    16
       Summon Ice Beast  |       |     3 ||     3
  Use: Scroll            |     4 |     5 ||     9
       Potion            |       |     1 ||     1
 Stab: Sleeping          |       |     3 ||     3
Armor: Skin              |    38 |    33 ||    71
Dodge: Dodged            |    86 |    78 ||   164

Table legend: (Time is in decaauts)
 A = Elapsed time spent in this place.
 B = Non-inter-level travel time spent in this place.
 C = Inter-level travel time spent in this place.
 D = Time resting spent in this place.
 E = Time spent auto-exploring this place.
 F = Levels seen in this place.
 G = Mean time per level.
                   A        B        C        D        E       F      G
               +--------+--------+--------+--------+--------+-----+--------+
         Total |   4449 |   4403 |     46 |     12 |   3623 |   4 | 1112.2 |
       Dungeon |   4449 |   4403 |     46 |     12 |   3623 |   4 | 1112.2 |
               +--------+--------+--------+--------+--------+-----+--------+

Top non-repeatable levels by time:
     D:1: 1621 daAuts
     D:3: 1204 daAuts
     D:2: 828 daAuts
     D:4: 794 daAuts
